AoeStats
← TowersAreArmy

African Clearing

505833058Analyzed
4v4 RM · 20d ago on Sep 11, 2026· 22m 5s· 8 players
Game mode
Random Map
Map size
Large (8 player)
Population
200
Speed
Normal
Resources
Standard
Victory
Conquest
Starting age
Dark Age
Ending age
Imperial Age
RankedLock teamsTeams togetherTeam positionsShared explorationLock speedFull tech treeHidden civsTurbo modeCheats
Victory
Defeat
🇨🇦 Mongols · Canada
1525
+11
🇪🇸 Tatars · Spain
1374
+17
🇨🇿 Huns · Czechia
1370
+17
🇨🇳 Berbers · China
1316
+20
🇹🇼 Koreans · Taiwan
1469
-19
🇨🇳 Persians · China
1396
-16
🇨🇳 Franks · China
1386
-16
🇹🇼 Spanish · Taiwan
1343
-14
秦墨子
6:52 Loom
15:27 Feudal Age
16:28 Man-at-Arms
21:26 Castle Age
20:15 Gold Mining
20:09 Horse Collar
20:55 Forging
20:52 Scale Barding Armor
21:01 Bloodlines
22:01 Squires
22:35 Husbandry
藥膏
5:57 Loom
11:59 Feudal Age
17:59 Fletching
羊了个羊
15:19 Feudal Age
16:28 Loom
17:02 Loom
genehung9
12:34 Loom
14:29 Feudal Age
12:50 Loom
15:59 Loom
19:24 Castle Age
17:42 Double-Bit Axe
18:13 Horse Collar
20:40 Town Watch
TowersAreArmy
11:15 Feudal Age
11:38 Loom
13:14 Double-Bit Axe
17:41 Forging
18:35 Town Watch
22:51 Castle Age
21:04 Stone Mining
22:15 Bloodlines
22:13 Scale Barding Armor
Ervid
10:34 Loom
15:13 Feudal Age
19:15 Castle Age
17:18 Fletching
18:04 Gold Mining
18:15 Double-Bit Axe
19:54 Wheelbarrow
19:43 Padded Archer Armor
逸丶然
4:34 Loom
13:44 Feudal Age
14:42 Town Watch
17:55 Fletching
Joseph90
3:46 Loom
12:35 Feudal Age
16:13 Forging
16:41 Bloodlines
16:38 Scale Barding Armor
21:12 Castle Age
21:14 Light Cavalry
Connection lost

Rejoining the realm…

Still unreachable

The connection could not be restored.

Session expired

The server has moved on; the page needs a fresh start.